 Dungeon Crawl Stone Soup version 0.20.1-1-g8b1a95d (webtiles) character file.

110 Peloso the Skirmisher (level 4, -2/35 HPs)
             Began as a Demonspawn Fighter on Oct 15, 2017.
             Slain by a river rat (4 damage)
             ... on level 3 of the Dungeon.
             The game lasted 00:04:11 (1739 turns).

Peloso the Skirmisher (Demonspawn Fighter)          Turns: 1739, Time: 00:04:12

Health: -2/35      AC:  7    Str: 22    XL:     4   Next: 61%
Magic:  0/4        EV:  7    Int:  9    God:
Gold:   137        SH:  9    Dex: 12    Spells: 3/3 levels left

rFire    . . .     SeeInvis .   a - +0 long sword
rCold    . . .     Gourm    .   c - +0 shield
rNeg     . . .     Faith    .   b - +0 scale mail
rPois    .         Spirit   +   (helmet restricted)
rElec    .         Reflect  .   (no cloak)
rCorr    .         Harm     .   (no gloves)
MR       .....                  l - +0 pair of boots
Stlth    ..........             (no amulet)
Regen    0.2/turn               o - +4 ring of strength
MPRegen  0.1/turn               (no ring)

@: no status effects
A: antennae 1, magic shield
a: no special abilities


You were on level 3 of the Dungeon.
You were not hungry.

You visited 1 branch of the dungeon, and saw 3 of its levels.

You collected 137 gold pieces.

Inventory:

Hand Weapons
 a - a +0 long sword (weapon)
 i - a cursed -1 hand axe
Armour
 b - a +0 scale mail (worn)
 c - a +0 shield (worn)
 l - a +0 pair of boots (worn)
Jewellery
 o - a +4 ring of strength (left hand)
Scrolls
 e - 3 scrolls of identify {unknown}
 h - a scroll of immolation {unknown}
 m - a scroll of enchant armour {unknown}
Potions
 d - a potion of might
 n - a potion of curing {unknown}
 p - a potion of flight {unknown}
 q - a potion of berserk rage {unknown}
 r - a potion of heal wounds {unknown}
Books
 s - a book of Changes

   Spells                             Type                      Level
   a - Beastly Appendage              Transmutation                1
   b - Sticks to Snakes               Transmutation                2
   c - Spider Form                    Transmutation/Poison         3
   d - Ice Form                       Ice/Transmutation            4
   e - Blade Hands                    Transmutation                5
Comestibles
 f - 3 bread rations
 g - a royal jelly
 j - a meat ration
 k - 2 fruits
 t - 2 chunks of flesh


   Skills:
 + Level 3.4 Fighting
 + Level 3.1 Long Blades
 + Level 3.1 Armour
 + Level 3.4 Shields


You had 3 spell levels left.
You didn't know any spells.

Dungeon Overview and Level Annotations

Branches:
Dungeon (3/15)

Altars:

Portals:
Sewer: D:3


Innate Abilities, Weirdness & Mutations

You have a pair of small antennae on your head.
When hurt, damage is shared between your health and your magic reserves.


Message History

* * * LOW HITPOINT WARNING * * *
You hit the giant cockroach but do no damage.
The giant cockroach bites you but does no damage.
You block the giant cockroach's attack.
You slash the giant cockroach!
You kill the giant cockroach!
You closely miss the river rat. The river rat bites you.
* * * LOW HITPOINT WARNING * * *
You hit the river rat.
The river rat is heavily wounded.
You block the river rat's attack.
You hit the river rat but do no damage.
The river rat is heavily wounded.
The river rat bites you.
* * * LOW HITPOINT WARNING * * *
The river rat bites you but does no damage.
Your shield prevents you from hitting the river rat.
The river rat is heavily wounded.
The river rat bites you.
You die...

.#### #......###.####..#. .#..
+.................. .#.# #
#....###......[.... .#.#.+
+............#..... ...#.#
########.#.#.#.#### ...#.####
############)#.#.#.# ........#
#∩≈≈≈≈.............. ........#
#≈≈≈≈≈######.#.#.#.#### .....>..+
#≈≈≈≈.@r..##.#.#.#.#... .†......#
#≈≈...###.##.#.#.#.#...
##....#####≈.........#.#.#.#.#...
##...........................'(..
...<..#....########......#...#...
......# ... #....###...#...
........... .............#...
........... ......#.....#####
.......###. ..............#


You could see a river rat.

Vanquished Creatures
  A river rat (D:3)
  An adder (D:2)
  An ooze (D:3)
  3 worms (D:2)
  3 dart slugs (D:2)
  A leopard gecko (D:2)
  An orc (D:3)
  7 bats
  4 giant cockroaches
  9 goblins
  8 hobgoblins
  10 jackals
  A quokka (D:2)
  3 ball pythons
  2 frilled lizards
  4 kobolds
  8 rats
67 creatures vanquished.

Notes
Turn   | Place    | Note
-------+----------+-------------------------------------------
     0 | D:1      | Peloso the Demonspawn Fighter began the quest for the Orb.
     0 | D:1      | Reached XP level 1. HP: 18/18 MP: 1/1
   249 | D:1      | Gained mutation: You have a pair of small antennae on your head. [demonic ancestry]
   249 | D:1      | Reached XP level 2. HP: 18/24 MP: 2/2
   761 | D:2      | Reached XP level 3. HP: 28/29 MP: 3/3
  1126 | D:2      | Gained mutation: When hurt, damage is shared between your health and your magic reserves. [demonic ancestry]
  1126 | D:2      | Reached XP level 4. HP: 24/35 MP: 4/4
  1710 | D:3      | Found a glowing drain.
  1739 | D:3      | Slain by a river rat

Skill      XL: |  1  2  3  4 |
---------------+-------------+-----
Shields        | 3 |  3.4
Armour         | 3 |  3.1
Long Blades    | 2 3 |  3.1
Fighting       | |  3.4

Action                   |  1- 3 |  4- 6 || total
-------------------------+-------+-------++-------
Melee: Long sword        |   142 |    82 ||   224
  Eat: Chunk             |     1 |     2 ||     3
Armor: Scale mail        |    66 |    48 ||   114
Dodge: Dodged            |    44 |    27 ||    71
Block: Shield            |    86 |    62 ||   148
       Rpst.: Long sword |    12 |    10 ||    22
